 Dungeon Crawl Stone Soup version 0.29.1-15-g9cfb28693d (webtiles) character file.

Game seed: 6685106824012298482

87434 DemonSlayer the Eclecticist (level 15, -9/106 HPs)
             Began as a Demonspawn Earth Elementalist on Apr 16, 2023.
             Was the Champion of Dithmenos.
             Mangled by a yak (11 damage)
             ... on level 5 of the Lair of Beasts.
             The game lasted 01:13:03 (31436 turns).

DemonSlayer the Eclecticist (DsEE)                 Turns: 31436, Time: 01:13:04

Health: -9/106     AC: 25    Str: 14    XL:     15   Next: 43%
Magic:  11/44      EV: 15    Int: 12    God:    Dithmenos [******]
Gold:   89         SH:  0    Dex: 36    Spells: 9/46 levels left

rFire   . . .      SeeInvis +   F - +6 rapier of Premature Burial {elec, *Corrode rElec Int-3 Dex+8}
rCold   . . .      Faith    .   (no shield)
rNeg    . . .      Spirit   .   n - +4 shadow dragon scales of Dyspraxia {rPois Will+ Stlth++++}
rPois   +          Reflect  .   S - +2 helmet {SInv}
rElec   +          Harm     .   X - +1 cloak {rPois}
rCorr   .          Rampage  .   d - +2 pair of gloves {Dex+3}
Will    ++...                   Y - +1 pair of boots Stlth *********+
                                D - amulet of the acrobat
HPRegen 0.27/turn               y - +4 ring of evasion
MPRegen 0.29/turn               a - ring of magical power

@: wreathed by umbra, studying Fighting
A: thin skeletal structure 3, powered by pain 2, spiny 1, demonic touch 2,
mutation resistance 1, strong 1
a: Renounce Religion, Shadow Step, Shadow Form


You were on level 5 of the Lair of Beasts.
You worshipped Dithmenos.
Dithmenos was exalted by your worship.
You visited 3 branches of the dungeon, and saw 21 of its levels.
You visited 1 bazaar.
You also visited: Gauntlet.

You collected 2099 gold pieces.
You spent 2010 gold pieces at shops.

Inventory:

Hand Weapons
 h - a +7 dagger of draining
 F - the +6 rapier of Premature Burial (weapon) {elec, *Corrode rElec Int-3 Dex+8}
   (You found it on level 8 of the Dungeon)

   It occasionally discharges a powerful burst of electricity upon striking a
   foe.
   Int:       It affects your intelligence (-3).
   Dex:       It affects your dexterity (+8).
   rElec:     It insulates you from electricity.
   *Corrode:  It may corrode you when you take damage.
Missiles
 s - a boomerang of dispersal
 R - 6 silver javelins
 T - 2 curare-tipped darts
Armour
 d - a +2 pair of gloves of dexterity (worn)
 n - the +4 shadow dragon scales of Dyspraxia (worn) {rPois Will+ Stlth++++}
   (You bought it in a shop on level 11 of the Dungeon)

   rPois:     It protects you from poison.
   Will:      It increases your willpower.
   Stlth:     It makes you much more stealthy.
 S - a +2 helmet of see invisible (worn)
 X - a +1 cloak of poison resistance (worn)
 Y - a +1 pair of boots (worn)
Jewellery
 a - a ring of magical power (right hand)
 o - a ring of resist corrosion
 y - a +4 ring of evasion (left hand)
 D - an amulet of the acrobat (around neck)
 L - a ring of flight
Wands
 q - a wand of iceblast (13)
 H - a wand of light (9)
 K - a wand of paralysis (10)
 P - a wand of flame (18)
 U - a wand of polymorph (12)
 V - a wand of mindburst (7)
Scrolls
 i - 3 scrolls of amnesia
 k - a scroll of vulnerability
 p - 3 scrolls of summoning
 r - 2 scrolls of fog
 u - 4 scrolls of identify
 x - 10 scrolls of teleportation
 B - a scroll of magic mapping
 E - 4 scrolls of fear
 G - 6 scrolls of poison
 J - 4 scrolls of enchant armour
 M - 2 scrolls of immolation
 N - 3 scrolls of blinking
Potions
 b - 2 potions of berserk rage
 c - 7 potions of attraction
 e - a potion of magic
 f - a potion of resistance
 g - 3 potions of curing
 j - a potion of cancellation {unknown}
 l - 4 potions of brilliance
 m - a potion of lignification
 v - 3 potions of mutation
 w - 4 potions of flight
 O - 2 potions of ambrosia
 Q - 4 potions of haste
 Z - a potion of invisibility
Miscellaneous
 C - a lightning rod (4/4)


   Skills:
 + Level 6.5 Fighting
 + Level 7.1 Short Blades
 + Level 1.3 Maces & Flails
 + Level 1.1 Throwing
 + Level 0.2 Armour
 + Level 7.3 Dodging
 + Level 10.4 Stealth
 + Level 16.1 Spellcasting
 + Level 12.1 Conjurations
 + Level 0.8 Transmutations
 + Level 12.7 Earth Magic
 + Level 0.2 Evocations


You had 9 spell levels left.
You knew the following spells:

 Your Spells              Type           Power      Damage    Failure   Level
a - Sandblast             Erth           80%        2d17      1%          1
b - Passwall              Tmut/Erth      20%        N/A       19%         2
c - Stone Arrow           Conj/Erth      78%        3d11      3%          3
d - Confusing Touch       Hex            9%         N/A       99%         3
e - Petrify               Tmut/Erth      25%        N/A       77%         4
f - Enfeeble              Hex            4%         N/A       100%        7
g - Olgreb's Toxic Radia  Pois           9%         N/A       100%        4
h - Metabolic Englaciati  Hex/Ice        4%         N/A       100%        5
i - Cause Fear            Hex            4%         N/A       100%        4
j - Leda's Liquefaction   Hex/Erth       12%        N/A       82%         4

Your spell library contained the following spells:

 Spells                   Type           Power      Damage    Failure   Level
 Lee's Rapid Deconstruct  Erth           20%        3d13*     28%         5
 Apportation              Tloc           18%        N/A       89%         1
 Necrotise                Necr           36%        1d5       89%         1
 Summon Small Mammal      Summ           36%        N/A       89%         1
 Wereblood                Tmut           11%        N/A       91%         2
 Call Canine Familiar     Summ           9%         N/A       99%         3
 Gell's Gravitas          Tloc           9%         N/A       99%         3
 Inner Flame              Hex/Fire       9%         N/A       99%         3
 Lesser Beckoning         Tloc           9%         N/A       99%         3
 Ozocubu's Armour         Ice            9%         N/A       99%         3
 Summon Guardian Golem    Hex/Summ       9%         N/A       99%         3
 Teleport Other           Tloc           9%         N/A       99%         3
 Vampiric Draining        Necr           9%         2d6       99%         3
 Anguish                  Hex/Necr       4%         N/A       100%        4
 Summon Ice Beast         Ice/Summ       9%         N/A       100%        4
 Agony                    Necr           9%         N/A       100%        5
 Alistair's Intoxication  Tmut/Pois      6%         N/A       100%        5
 Yara's Violent Unravell  Hex/Tmut       5%         3d4       100%        5
 Simulacrum               Ice/Necr       4%         N/A       100%        6
 Statue Form              Tmut/Erth      16%        N/A       100%        6
 Storm Form               Tmut/Air       5%         N/A       100%        7
 Summon Hydra             Summ           4%         N/A       100%        7
 Discord                  Hex            4%         N/A       100%        8
 Dragon's Call            Summ           4%         N/A       100%        9


Dungeon Overview and Level Annotations

Branches:
Dungeon (15/15)            Temple (1/1) D:7            Lair (5/5) D:11
 Shoals (0/4) Lair:3       Spider (0/4) Lair:3        Slime (0/5) Lair:4
    Orc (0/2) D:9          Vaults (0/5) D:13         Depths (0/4) D:15
Gauntlet (visited)

Altars:
Ashenzari
Cheibriados
Dithmenos
Fedhas
Gozag
Hepliaklqana
Kikubaaqudgha
Makhleb
Nemelex Xobeh
Okawaru
Qazlal
Ru
Sif Muna
Trog
Uskayaw
Vehumet
Wu Jian
Xom
Yredelemnul
Jiyva

Shops:
D:2 [   D:9 [(*   D:11 [

Annotations:
D:3 2 transporters, forboredom's ghost, weakling DsBe
Lair:4 1 runed translucent door


Innate Abilities, Weirdness & Mutations

You have an unnaturally thin skeletal structure. (Dex +6, Stealth+++)
You sometimes gain power by taking damage.
You are partially covered in sharp spines.
Your touch may inflict irresistible damage on your foes.
You are somewhat resistant to further mutation.
Your muscles are strong. (Str +4, Int/Dex -1)


Message History

You hit the yak.
The yak is almost dead.
Your shadow hits the yak with a rapier.
You kill the yak!
Dithmenos accepts your kill.
The yak gores you but does no damage. x2; The yak misses you.
The yak barely misses you. The yak gores you but does no damage.
The yak completely misses you. The yak is struck by your spines.
The yak closely misses you.
Unknown command.
You hit the yak. Lightning courses through the yak!
The yak is severely wounded.
You are no longer corroded.
The yak is struck by your spines. The yak completely misses you.
The yak gores you.
* * * LOW HITPOINT WARNING * * *
The yak gores you but does no damage. The yak gores you.
* * * LOW HITPOINT WARNING * * *
The yak closely misses you. The yak gores you but does no damage.
The yak barely misses you. The yak is struck by your spines.
The yak barely misses you.
You barely miss the yak.
The yak is severely wounded.
Your shadow hits the yak with a rapier. The yak closely misses you.
The yak gores you but does no damage. The yak is struck by your spines.
The yak barely misses you. The yak gores you.
* * * LOW HITPOINT WARNING * * *
The yak barely misses you. The yak is struck by your spines.
The yak barely misses you. The yak is struck by your spines.
The yak barely misses you. The yak is struck by your spines.
You kill the yak!
Dithmenos accepts your kill.
You puncture the yak! Lightning courses through the yak!
You kill the yak!
Dithmenos accepts your kill. The yak is struck by your spines.
You kill the yak!
Dithmenos accepts your kill. The yak gores you!
You die...

##....#....P.#...
#................
#................
##..#..#.#....... ##
#.....##.....<..
###.##..#.....P.#....
#.#.§§PP§..........#...
#...§YYY§..............
h##.YY@§§..............
#..§YY§..............
#.§.§§§§..........P÷...
#.#..§§§........<......
# #.....PP.............
........#P...#....~..
......$............P..
...#.......#...~~~.PPPP
....~~≈≈P


You could see 7 yaks.

Vanquished Creatures
  A minotaur (Gauntlet)
  5 hydras
  3 vault guards (D:13)
  A boulder beetle (D:13)
  A catoblepas (Lair:4)
  3 ogre magi (D:15)
  13 two-headed ogres
  Erica (D:8)
  4 tengu warriors
  4 death yaks (Lair:3)
  5 centaur warriors
  Urug (D:12)
  2 goliath frogs (Lair:5)
  A wizard (Gauntlet)
  Pikel (D:4)
  An orc knight (D:15)
  6 ugly things
  4 deep elf pyromancers
  A necromancer (D:15)
  An orc sorcerer (D:15)
  3 cyclopes
  3 manticores
  5 elephants (Lair:4)
  5 black mambas
  Joseph (D:8)
  19 cane toads
  A centaur skeleton (D:15)
  A gargoyle (D:10)
  3 naga magi (D:15)
  3 torpor snails (Lair:3)
  A smoke demon (Gauntlet)
  An unseen horror (D:13)
  An efreet (D:13)
  9 komodo dragons
  A kobold demonologist (D:11)
  Psyche (D:12)
  A red devil (Gauntlet)
  7 trolls
  A merfolk (D:10)
  2 tyrant leeches (Lair:5)
  20 blink frogs
  18 slime creatures
  A hornet (D:9)
  A snapping turtle (Lair:3)
  A harpy skeleton (D:15)
  A jumping spider (Lair:3)
  7 flying skulls (Gauntlet)
  6 wyverns
  A shadow (D:12)
  8 humans
  A vampire (D:12)
  2 wraiths
  A steam dragon (D:6)
  82 yaks
  4 basilisks
  2 wargs (D:11)
  14 vampire mosquitoes
  Grum (D:8)
  Menkaure (D:4)
  4 acid dragons
  12 water moccasins
  7 orc warriors
  4 black bears
  14 wolves
  12 ogres
  6 centaurs
  2 lemures (D:4)
  A phantom (D:7)
  Blork the orc (D:4)
  2 kobold brigands
  3 necrophages
  19 bullfrogs
  A scorpion (D:5)
  3 wights (D:10)
  5 killer bees (D:7)
  6 howler monkeys
  2 electric eels
  5 crimson imps
  3 hounds
  2 jellies
  9 orc priests
  2 gnoll boudas
  7 iguanas
  Natasha (thrice) (D:2)
  29 orc wizards
  7 hell rats (Lair:4)
  A boggart simulacrum (D:15)
  8 gnolls
  5 adders
  A shadow imp (Gauntlet)
  4 white imps
  An ufetubus (D:7)
  3 worms
  3 dart slugs
  67 orcs
  7 endoplasms
  8 giant cockroaches
  8 goblins
  7 hobgoblins
  3 jackals (D:2)
  9 kobolds
  3 quokkas
  12 ball pythons
  5 bats
  2 frilled lizards (D:2)
  9 rats
637 creatures vanquished.

Vanquished Creatures (others)
  A vault guard (D:13)
  A human (D:13)
  A kobold brigand (D:11)
  2 orcs (D:10)
  2 kobolds (D:11)
  41 fungi
  68 plants
  2 withered plants (D:14)
118 creatures vanquished.

Grand Total: 755 creatures vanquished

Notes
Turn   | Place    | Note
-------+----------+-------------------------------------------
     0 | D:1      | DemonSlayer the Demonspawn Earth Elementalist began the
                  | quest for the Orb.
     0 | D:1      | Reached XP level 1. HP: 13/13 MP: 3/3
   238 | D:1      | Found a faded altar of an unknown god.
   297 | D:1      | Gained mutation: You have a somewhat thin skeletal
                  | structure. (Dex +2, Stealth+) [demonic ancestry]
   297 | D:1      | Reached XP level 2. HP: 19/19 MP: 0/5
  1122 | D:1      | Learned a level 2 spell: Passwall
  1267 | D:2      | Reached XP level 3. HP: 23/24 MP: 3/6
  1469 | D:2      | Found Ceippuwk's Antique Armour Shop.
  1778 | D:2      | Bought a creamy pearl robe for 119 gold pieces
  1778 | D:2      | Identified the +5 robe "Orulukh" {rC+ Str+4} (You bought it
                  | in a shop on level 2 of the Dungeon)
  1816 | D:2      | Noticed Natasha
  1824 | D:2      | Killed Natasha
  1825 | D:2      | Gained mutation: You sometimes gain a little power by
                  | taking damage. [demonic ancestry]
  1825 | D:2      | Reached XP level 4. HP: 30/30 MP: 4/8
  2052 | D:2      | Learned a level 3 spell: Stone Arrow
  2061 | D:2      | Noticed Natasha
  2066 | D:2      | Killed Natasha
  2067 | D:2      | Reached skill level 3 in Spellcasting
  2266 | D:2      | Noticed Natasha
  2270 | D:2      | Killed Natasha
  2457 | D:3      | Found a burning altar of Makhleb.
  2457 | D:3      | Found a radiant altar of Vehumet.
  2464 | D:3      | Reached XP level 5. HP: 32/35 MP: 3/10
  2680 | D:3      | Found a transporter.
  2680 | D:3      | Noticed forboredom's ghost (weakling DsBe)
  2769 | D:3      | Found a transporter.
  2867 | D:3      | Learned a level 3 spell: Confusing Touch
  3009 | D:4      | HP: 1/35 [something/puff of flame (13)]
  3586 | D:4      | Found an opulent altar of Gozag.
  3586 | D:4      | Noticed Menkaure
  3590 | D:4      | Killed Menkaure
  3591 | D:4      | Reached skill level 4 in Spellcasting
  3591 | D:4      | Gained mutation: You have a moderately thin skeletal
                  | structure. (Dex +4, Stealth++) [demonic ancestry]
  3591 | D:4      | Reached XP level 6. HP: 37/42 MP: 6/12
  3678 | D:4      | Noticed Pikel
  4037 | D:4      | Found a broken altar of Ashenzari.
  4087 | D:5      | Entered Level 5 of the Dungeon
  4292 | D:5      | You fall into a shaft and drop 3 floors!
  4327 | D:7      | Found a staircase to the Ecumenical Temple.
  4335 | Temple   | Entered the Ecumenical Temple
  5067 | D:5      | Gained mutation: Your muscles are strong. (Str +4, Int/Dex
                  | -1) [potion of mutation]
  5067 | D:5      | Gained mutation: You are somewhat resistant to further
                  | mutation. [potion of mutation]
  5127 | D:5      | Reached skill level 1 in Fighting
  5127 | D:5      | Reached XP level 7. HP: 16/48 MP: 1/14
  5486 | D:5      | Reached skill level 5 in Earth Magic
  5490 | D:5      | Reached skill level 5 in Spellcasting
  5766 | D:5      | Reached skill level 1 in Conjurations
  5782 | D:5      | Reached skill level 1 in Maces & Flails
  6059 | D:5      | Found a sparkling altar of Nemelex Xobeh.
  6063 | D:5      | Found a shadowy altar of Dithmenos.
  6079 | D:5      | Found a snail-covered altar of Cheibriados.
  6417 | D:5      | Became a worshipper of Dithmenos the Shadowed
  6994 | D:5      | Gained mutation: You have an unnaturally thin skeletal
                  | structure. (Dex +6, Stealth+++) [demonic ancestry]
  6994 | D:5      | Reached XP level 8. HP: 39/54 MP: 9/16
  7202 | D:5      | Reached skill level 6 in Spellcasting
  7570 | D:5      | Learned a level 4 spell: Petrify
  7777 | D:4      | Found a hazy altar of Hepliaklqana.
  7782 | D:4      | Noticed Blork the orc
  7787 | D:4      | Killed Blork the orc
  7929 | D:4      | Killed Pikel
  8197 | D:4      | Gained mutation: You sometimes gain power by taking damage.
                  | [demonic ancestry]
  8197 | D:4      | Reached XP level 9. HP: 61/61 MP: 15/19
  8223 | D:4      | Reached * piety under Dithmenos
  8226 | D:4      | Reached skill level 7 in Spellcasting
  8594 | D:4      | Found a bloodstained altar of Trog.
  8747 | D:2      | Bought a runed helmet for 157 gold pieces
  8767 | D:2      | Learned a level 7 spell: Enfeeble
  9146 | D:6      | Found a sacrificial altar of Ru.
  9966 | D:7      | Reached skill level 1 in Short Blades
 10501 | D:7      | Reached skill level 5 in Stealth
 10645 | D:7      | Identified the +8 ring mail of Peek-a-Boo {Str+3}
 10647 | D:7      | Reached ** piety under Dithmenos
 10983 | D:9      | Reached skill level 8 in Spellcasting
 10983 | D:9      | Reached XP level 10. HP: 67/67 MP: 3/22
 11151 | D:9      | Reached skill level 5 in Conjurations
 11354 | D:9      | Got Ovecziny's Quarto of Convocation
 11371 | D:9      | Found Iphocw's Armour Shoppe.
 11410 | D:8      | Noticed Grum
 11631 | D:8      | Identified the +6 rapier of Premature Burial {elec,
                  | *Corrode rElec Int-3 Dex+8}
 11938 | D:8      | Killed Grum
 11938 | D:8      | Reached *** piety under Dithmenos
 12100 | D:8      | Reached skill level 9 in Spellcasting
 12100 | D:8      | Noticed Erica
 12111 | D:8      | Killed Erica
 12248 | D:8      | Got the Lectures on the Cankerous Glacier
 12295 | D:8      | Noticed Joseph
 12308 | D:8      | Killed Joseph
 12788 | D:9      | Found an iron altar of Okawaru.
 12800 | D:9      | Found Lixzoruph's Armour Emporium.
 12901 | D:9      | Found a basalt altar of Yredelemnul.
 12932 | D:9      | Found Cesafip's General Store.
 12940 | D:9      | Bought a potion of heal wounds for 60 gold pieces
 13013 | D:9      | Reached skill level 10 in Spellcasting
 13152 | D:9      | Found Qicecoti's Weapon Shoppe.
 13277 | D:9      | Found a staircase to the Orcish Mines.
 13573 | D:9      | Learned a level 4 spell: Olgreb's Toxic Radiance
 13579 | D:9      | Learned a level 5 spell: Metabolic Englaciation
 13608 | D:10     | Entered Level 10 of the Dungeon
 13618 | D:10     | Gained mutation: You are partially covered in sharp spines.
                  | [demonic ancestry]
 13618 | D:10     | Reached XP level 11. HP: 74/74 MP: 25/25
 14137 | D:11     | Reached **** piety under Dithmenos
 14233 | D:11     | Noticed a two-headed ogre
 14241 | D:11     | Killed a two-headed ogre
 14551 | D:11     | Found John Lambton's Dragon-Slaying Spoils.
 14597 | D:11     | Found a staircase to the Lair.
 14614 | D:11     | Reached skill level 11 in Spellcasting
 15068 | D:11     | Found a gateway to a bazaar.
 15078 | Bazaar   | Entered a bazaar
 15086 | Bazaar   | Found Enoyjum's Jewellery Boutique.
 15090 | Bazaar   | Found Lykhliuw's General Store.
 15090 | Bazaar   | Found Itoesk's Distillery.
 15091 | Bazaar   | Found Ynurit's Antique Weapon Boutique.
 15297 | D:10     | Reached skill level 5 in Dodging
 15459 | D:10     | Got the Teachings on the Ground and Permutations
 15679 | D:10     | Reached ***** piety under Dithmenos
 15709 | D:10     | Noticed a two-headed ogre
 15716 | D:10     | Killed a two-headed ogre
 15928 | Lair:1   | Entered Level 1 of the Lair of Beasts
 16262 | Lair:1   | Reached skill level 12 in Spellcasting
 16265 | Lair:1   | Gained mutation: Your touch may inflict minor irresistible
                  | damage on your foes. [demonic ancestry]
 16265 | Lair:1   | Reached XP level 12. HP: 61/81 MP: 1/28
 16664 | Lair:1   | Noticed an eight-headed hydra
 16674 | Lair:1   | Killed an eight-headed hydra
 17513 | Lair:1   | Reached skill level 5 in Short Blades
 17666 | Lair:1   | Learned a level 4 spell: Cause Fear
 17899 | Lair:2   | Reached skill level 13 in Spellcasting
 18259 | Lair:2   | Reached skill level 10 in Earth Magic
 18767 | D:12     | Noticed Psyche
 18769 | D:12     | Killed Psyche
 18918 | D:12     | Noticed a two-headed ogre
 18932 | D:12     | Killed a two-headed ogre
 18985 | D:12     | Noticed an eight-headed hydra
 18992 | D:12     | Killed an eight-headed hydra
 19226 | D:12     | Gained mutation: Your touch may inflict irresistible damage
                  | on your foes. [demonic ancestry]
 19226 | D:12     | Reached XP level 13. HP: 74/90 MP: 24/30
 19511 | D:12     | Reached skill level 1 in Throwing
 19513 | D:12     | Reached ****** piety under Dithmenos
 19563 | D:12     | Noticed Urug
 19568 | D:12     | Killed Urug
 20430 | D:12     | Learned a level 4 spell: Leda's Liquefaction
 20614 | D:13     | Found a gate leading to a gauntlet.
 20638 | Gauntlet | Entered a Gauntlet
 20638 | Gauntlet | Found a transporter.
 20638 | Gauntlet | Found a transporter.
 20638 | Gauntlet | Found a transporter.
 20651 | Gauntlet | Found a transporter.
 20651 | Gauntlet | Found a transporter.
 20660 | Gauntlet | Found a transporter.
 20662 | Gauntlet | Found a transporter.
 20670 | Gauntlet | Found a transporter.
 20688 | Gauntlet | Found a transporter.
 20705 | Gauntlet | Found a transporter.
 20708 | Gauntlet | Found a transporter.
 20718 | Gauntlet | Found a transporter.
 21322 | Gauntlet | Identified the ring of Omyschueli {Drain rElec rPois Str-2
                  | Int+6}
 21339 | Gauntlet | Identified the +3 plate armour of Ghostly Happiness {rElec
                  | rC+++ Will+ Str+4}
 21339 | Gauntlet | Noticed a minotaur
 21351 | Gauntlet | Killed a minotaur
 21352 | Gauntlet | Reached skill level 14 in Spellcasting
 21742 | D:13     | Reached skill level 5 in Fighting
 22695 | D:14     | Reached skill level 10 in Conjurations
 23206 | D:14     | Found an ancient bone altar of Kikubaaqudgha.
 23885 | D:13     | Reached XP level 14. HP: 98/98 MP: 21/32
 24060 | D:13     | Found a gate to the Vaults.
 24757 | D:15     | Entered Level 15 of the Dungeon
 24814 | D:15     | Found a shimmering altar of Xom.
 24976 | D:15     | Reached skill level 15 in Spellcasting
 26122 | D:15     | Found a staircase to the Depths.
 26329 | D:15     | Paralysed by an ogre mage for 3 turns
 26342 | D:15     | Reached skill level 10 in Stealth
 27917 | Lair:3   | Found a staircase to the Shoals.
 28100 | Lair:3   | Found a hole to the Spider Nest.
 28124 | Lair:3   | Identified a scroll of acquirement
 28125 | Lair:3   | Acquired 840 gold pieces
 28400 | Lair:4   | Reached XP level 15. HP: 80/105 MP: 9/34
 28789 | Lair:4   | Found a runed translucent door.
 28790 | Lair:4   | Found a viscous altar of Jiyva.
 28790 | Lair:4   | Found a staircase to the Slime Pits.
 29839 | Lair:5   | Entered Level 5 of the Lair of Beasts
 29992 | Lair:5   | Reached skill level 16 in Spellcasting
 30089 | Lair:5   | Identified the +7 ice dragon scales of Parlour Games {rF-
                  | rC++ rCorr}
 31283 | D:11     | Bought the +4 shadow dragon scales of Dyspraxia {rPois
                  | Will+ Stlth++++} for 1674 gold pieces
 31434 | Lair:5   | HP: 3/106 [yak (5)]
 31435 | Lair:5   | HP: 1/106 [yak (1)]
 31436 | Lair:5   | Mangled by a yak

Illustrated notes

Levels and vault maps discovered:
D:1:      dpeg_arrival_tiny_i, layout_basic,
          ebering_ecumenical_altar_sacrificial
D:2:      minmay_recursive_quarters, layout_rooms, serial_shops, shop,
          uniq_natasha
D:3:      layout_rooms, grunt_temple_overflow_lords_of_destruction,
          gammafunk_ghost_mausoleum
D:4:      layout_basic, lemuel_tele_altar, mainiacjoe_overflow_catwalk,
          lemuel_doored_altar, lightli_temple_of_fire, minmay_bent,
          uniq_menkaure, uniq_blork_the_orc, uniq_pikel
D:5:      layout_basic, minmay_overflow_temple_star_hex, portal_sewer_entry_c,
          grunt_ministairs_7
D:6:      layout_rooms, mainiacjoe_overflow_24_doors
D:7:      layout_basic, minmay_temple_entry_wispy
D:8:      layout_cave_pools, enter_bailey_3, uniq_joseph, uniq_grum, uniq_erica
D:9:      minmay_flawed_box, layout_cross, kennysheep_mini_moat,
          mainiacjoe_overflow_brackets, hiddenorc1_lemuel, serial_shops,
          nicolae_stop_n_shop_2, shop, nicolae_shop_bloodbath_and_beyond,
          shop_statue, serial_park
D:10:     layout_rooms, hangedman_stone_soup
D:11:     layout_cave_pools, erik_lair_orcish_takeover, serial_shops,
          bzr_firewalk, grunt_decor_junction, nicolae_shop_dragon_depot
D:12:     layout_stronghold, uniq_psyche, uniq_urug
D:13:     layout_grid_maze, ximxim_vaults_locker_room, gauntlet_entry_generic,
          tso_metal_star
D:14:     layout_loops_cross, kiku_gazebo_garden_becter
D:15:     grunt_enter_depths_magical_seal, layout_stronghold, xom_teletrap_fun
Temple:   hellmonk_temple_forest_ring
Lair:1:   layout_hall_layers, grunt_megastairs_1
Lair:2:   layout_loops_ring, serial_bayou_shore_a
Lair:3:   layout_loops_ring, minmay_shoals_entry_hut, spider_nest_entry_a,
          chequers_serial_rivers_large_a
Lair:4:   layout_loops_ring, slime_entry_2, minivault_27, serial_bayou_shore_b
Lair:5:   minmay_lair_end_frog_pond, layout_loops_ring, st_stairs_7

Skill      XL: |  1  2  3  4  5  6  7  8  9 10 11 12 13 14 15 |
---------------+----------------------------------------------+-----
Earth Magic    | 3 4 5 6 7 8 9 10 11 12 | 12.7
Stealth        | 2 3 5 6 7 8 9 10 | 10.4
Spellcasting   | 3 4 5 6 8 10 12 13 14 15 16 | 16.1
Dodging        | 2 3 4 5 6 7 |  7.3
Fighting       | 1 2 3 4 5 6 |  6.5
Conjurations   | 1 2 4 6 7 8 10 11 12 | 12.1
Maces & Flails | 1 |  1.3
Short Blades   | 1 2 4 5 6 7 |  7.1
Throwing       | 1 |  1.1
Armour         | |  0.2
Transmutations | |  0.8
Evocations     | |  0.2

Action                   |  1- 3 |  4- 6 |  7- 9 | 10-12 | 13-15 || total
-------------------------+-------+-------+-------+-------+-------++-------
Melee: Spear             |    17 |       |       |       |       ||    17
       Dagger            |    22 |       |    75 |    17 |       ||   114
       Flail             |       |    19 |     7 |       |       ||    26
       Punch             |       |       |     2 |     2 |     1 ||     5
       Rapier            |       |       |       |   142 |   167 ||   309
       Touch             |       |       |       |     6 |    28 ||    34
Throw: Throwing net      |       |     1 |       |     2 |     1 ||     4
       Dart              |       |       |       |     7 |     2 ||     9
       Boomerang         |       |       |       |       |     1 ||     1
 Cast: Sandblast         |    39 |    68 |    58 |       |       ||   165
       Stone Arrow       |       |     6 |   119 |   302 |   457 ||   884
Evoke: Wand              |       |       |       |       |     2 ||     2
  Use: Potion            |     1 |     3 |       |     3 |     4 ||    11
       Scroll            |       |    13 |     9 |     3 |    12 ||    37
 Stab: Sleeping          |    13 |     4 |    13 |    30 |    25 ||    85
       Held in net/web   |       |       |       |     1 |       ||     1
       Distracted        |       |       |       |     1 |     1 ||     2
Armor: Robe              |    15 |    38 |    66 |    49 |    74 ||   242
       Shadow dragon sca |       |       |       |       |    37 ||    37
Dodge: Dodged            |    42 |    47 |   153 |   355 |   552 ||  1149
